Map: Newkirk Precinct TE (Void)

Players

Neeb

  • Race: Protoss Protoss
  • Spawn Location: 5:00

TLO - Winner!

  • Race: Zerg Zerg
  • Spawn Location: 7:00

Event: WCS Austin 2017

VOD

Have the link to the VOD?

Description

Time

  • Played on: April 28, 2017, 7:56 p.m.
  • Length: 8:40

All games in this series

Show
View Real Time Build Order
Export as new Build Order

Neeb Protoss 

Build Orders: Cannon Rush, Oracle Opening 

Get SALT Encoding   

  12  0:00  Probe (Chrono Boost)  
  13  0:11  Probe (Chrono Boost)  
  14  0:18  Pylon  
  14  0:22  Probe (Chrono Boost)  
  15  0:36  Probe (Chrono Boost)  
  15  0:39  Gateway  
  16  0:46  Probe (Chrono Boost)  
  16  0:47  Assimilator  
  18  0:57  Probe (Chrono Boost)  
  18  1:07  Probe (Chrono Boost)  
  19  1:12  Pylon  
  19  1:18  Forge, Probe (Chrono Boost)  
  20  1:29  Probe (Chrono Boost)  
  21  1:39  Probe (Chrono Boost)  
  22  1:55  Photon Cannon  
  22  1:56  Photon Cannon  
  22  1:57  Photon Cannon  
  22  2:07  Assimilator  
  22  2:10  Probe (Chrono Boost)  
  22  2:12  Cybernetics Core  
  22  2:14  Assimilator  
  23  2:21  Probe (Chrono Boost)  
  24  2:26  Zealot  
  26  2:32  Pylon  
  26  2:35  Photon Cannon  
  26  2:42  Probe (Chrono Boost)  
  27  2:52  Probe (Chrono Boost)  
  27  2:54  Adept  
  27  2:55  Warp Gate  
  30  3:05  Stargate  
  30  3:18  Nexus  
  30  3:24  Pylon  
  30  3:31  Pylon  
  30  3:41  Photon Cannon  
  28  3:44  Oracle  
  31  4:00  Mothership Core (Chrono Boost)  
  22  4:26  Probe (Chrono Boost)  
  23  4:32  Probe (Chrono Boost)  
  23  4:36  Probe (Chrono Boost)  
  25  4:42  Probe (Chrono Boost)  
  26  4:47  Probe (Chrono Boost)  
  26  4:53  Probe (Chrono Boost)  
  26  4:57  Probe (Chrono Boost)  
  28  5:03  Probe (Chrono Boost)  
  29  5:07  Oracle  
  29  5:08  Probe (Chrono Boost)  
  29  5:14  Probe (Chrono Boost)  
  34  5:18  Probe (Chrono Boost)  
  35  5:22  Adept  
  35  5:24  Probe (Chrono Boost)  
  38  5:31  Probe (Chrono Boost)  
  38  5:35  Probe (Chrono Boost)  
  40  5:39  Gateway  
  40  5:43  Probe (Chrono Boost)  
  40  5:45  Probe (Chrono Boost)  
  41  5:52  Phoenix  
  43  6:00  Probe x2 (Chrono Boost)  
  45  6:06  Pylon  
  46  6:12  Probe (Chrono Boost)  
  46  6:21  Phoenix  
  46  6:23  Probe (Chrono Boost)  
  46  6:24  Probe (Chrono Boost)  
  47  6:29  Adept  
  49  6:33  Probe (Chrono Boost)  
  49  6:35  Pylon  
  49  6:36  Probe (Chrono Boost)  
  51  6:44  Probe (Chrono Boost)  
  51  6:45  Adept  
  54  6:54  Probe x2 (Chrono Boost), Adept  
  58  7:04  Probe (Chrono Boost)  
  58  7:05  Probe (Chrono Boost), Pylon  
  58  7:06  Adept  
  62  7:12  Pylon  
  62  7:22  Nexus  
  62  7:23  Probe x2 (Chrono Boost)  
  64  7:34  Probe x2 (Chrono Boost)  
  64  7:35  Robotics Facility  
  59  7:44  Probe (Chrono Boost)  
  59  7:46  Assimilator, Sentry x2  
  59  7:49  Gateway  
  59  7:50  Assimilator  
  59  7:51  Gateway  
  63  7:52  Probe (Chrono Boost)  
  63  7:56  Probe (Chrono Boost)  
  65  8:00  Pylon  
  65  8:03  Probe (Chrono Boost)  
  66  8:07  Probe (Chrono Boost)  
  66  8:11  Sentry  
  69  8:15  Pylon x2  
  69  8:23  Gateway  
  69  8:26  Gateway  
  73  8:29  Cybernetics Core  
Show
View Real Time Build Order
Export as new Build Order

TLO Zerg - Winner!

Build Orders: Hatch First 

Get SALT Encoding   

  12  0:00  Drone  
  13  0:13  Overlord  
  13  0:18  Drone  
  14  0:31  Drone  
  14  0:33  Drone  
  16  0:50  Hatchery  
  16  0:53  Drone  
  16  0:56  Drone  
  17  1:11  Spawning Pool  
  16  1:13  Drone  
  16  1:18  Drone  
  18  1:21  Drone  
  18  1:23  Extractor  
  18  1:30  Drone  
  19  1:39  Overlord  
  19  1:58  Queen, Zergling x2  
  19  2:00  Zergling x2  
  23  2:02  Queen  
  23  2:05  Zergling x2  
  26  2:11  Evolution Chamber  
  26  2:13  Zergling x2  
  26  2:22  Metabolic Boost  
  26  2:26  Zergling x2  
  26  2:28  Zergling x2  
  27  2:34  Zergling x2  
  27  2:36  Zergling x2  
  29  2:40  Zergling x2  
  29  2:43  Zergling x2  
  31  2:49  Zergling x2  
  29  2:55  Drone  
  27  3:00  Drone  
  27  3:06  Drone  
  27  3:11  Drone  
  29  3:16  Drone  
  29  3:17  Drone  
  31  3:29  Drone  
  31  3:33  Drone  
  31  3:34  Drone  
  34  3:35  Overlord  
  34  3:47  Overlord  
  34  3:53  Queen  
  34  3:55  Drone  
  37  3:56  Drone x2  
  37  3:57  Drone  
  37  3:59  Drone  
  37  4:02  Drone  
  41  4:03  Drone x2  
  41  4:08  Drone  
  41  4:09  Drone  
  45  4:13  Overlord  
  45  4:22  Spore Crawler  
  45  4:24  Spore Crawler  
  41  4:25  Drone  
  42  4:33  Hatchery  
  42  4:35  Zerg Missile Weapons Level 1  
  42  4:38  Drone  
  42  4:39  Zergling x2  
  42  4:44  Drone  
  44  4:46  Drone  
  44  4:47  Zergling x4  
  44  4:51  Drone  
  45  4:54  Queen  
  45  4:56  Drone  
  45  4:57  Drone  
  45  4:59  Extractor  
  48  5:02  Drone x3  
  48  5:04  Zergling x2  
  52  5:09  Overlord  
  52  5:11  Drone  
  52  5:13  Drone  
  52  5:14  Extractor  
  53  5:17  Lair  
  53  5:19  Extractor  
  52  5:23  Drone  
  52  5:24  Drone x2  
  52  5:27  Overlord  
  55  5:28  Drone  
  55  5:30  Drone  
  57  5:38  Drone  
  57  5:40  Drone x2  
  57  5:41  Overlord  
  59  5:44  Drone  
  59  5:45  Drone  
  59  5:46  Drone  
  62  5:50  Zergling x2  
  62  5:52  Queen  
  63  5:57  Overlord  
  63  6:01  Drone x3  
  63  6:02  Overlord  
  66  6:06  Extractor  
  65  6:12  Spore Crawler  
  65  6:17  Zergling x2  
  65  6:18  Zergling x2  
  63  6:19  Hydralisk Den  
  63  6:21  Spore Crawler  
  63  6:22  Overlord  
  63  6:24  Drone x3  
  63  6:25  Drone  
  62  6:33  Drone  
  62  6:34  Drone x3  
  62  6:35  Overlord  
  66  6:40  Baneling Nest  
  66  6:44  Overlord  
  65  6:49  Overlord  
  65  6:51  Muscular Augments, Hydralisk  
  65  6:54  Hydralisk  
  67  6:57  Hydralisk  
  67  7:00  Hydralisk  
  73  7:06  Hydralisk  
  73  7:07  Hydralisk x2  
  79  7:10  Hydralisk  
  79  7:12  Hydralisk  
  82  7:16  Hydralisk  
  82  7:18  Zergling x2  
  82  7:19  Hydralisk  
  82  7:21  Hydralisk  
  89  7:23  Baneling x2  
  89  7:24  Baneling  
  89  7:25  Zergling x2  
  89  7:26  Hydralisk  
  89  7:29  Zergling x2  
  93  7:30  Zergling x2  
  93  7:31  Zergling x2  
  94  7:37  Hydralisk  
  94  7:39  Hydralisk  
  94  7:43  Zergling x2, Hydralisk x2  
  102  7:45  Hydralisk  
  102  7:46  Zergling x2  
  102  7:47  Zergling x2  
  102  7:49  Overseer  
  102  7:50  Zergling x2  
  107  7:52  Hydralisk  
  107  7:54  Hydralisk  
  107  7:57  Zergling x2  
  111  8:00  Hydralisk  
  111  8:01  Zergling x2  
  111  8:03  Hydralisk  
  115  8:07  Hydralisk  
  115  8:10  Zergling x2  
  115  8:11  Zergling x2  
  115  8:12  Hydralisk  
  117  8:18  Overseer  
  121  8:21  Overlord  
Tags
 
Add a new tag
Caveats
  • Supply blocks, unpowered buildings, or Contaminate may cause inaccurate times.
  • Supply counts are checked every 10 seconds.